 Dungeon Crawl Stone Soup version 0.29-a0-284-gf9362112df (webtiles) character file.

Game seed: 11574259720938552285

55 rabbitsville the Chopper (level 3, -2/31 HPs)
             Began as a Minotaur Abyssal Knight on Mar 24, 2022.
             Was a Believer of Lugonu.
             Slain by a gnoll
             ... wielding a +5 spear of flaming
              (3 damage)
             ... on level 2 of the Dungeon.
             The game lasted 00:04:19 (1405 turns).

rabbitsville the Chopper (Minotaur Abyssal Knight)  Turns: 1405, Time: 00:04:19

Health: -2/31      AC:  3    Str: 19    XL:     3   Next: 67%
Magic:  3/3        EV: 11    Int:  7    God:    Lugonu [**....]
Gold:   84         SH:  0    Dex: 10    Spells: 2/2 levels left

rFire   . . .      SeeInvis .   a - +1 hand axe
rCold   . . .      Faith    .   (no shield)
rNeg    . . .      Spirit   .   b - +0 leather armour
rPois   .          Reflect  .   (helmet restricted)
rElec   .          Harm     .   (no cloak)
rCorr   .          Rampage  .   (no gloves)
Will    .....                   (no boots)
Stlth   +.........              (no amulet)
HPRegen 0.10/turn               (no ring)
MPRegen 0.08/turn               (no ring)

@: no status effects
A: horns 2, retaliatory headbutt
a: Renounce Religion, Depart the Abyss, Bend Space


You were on level 2 of the Dungeon.
You worshipped Lugonu.
Lugonu was pleased with you.
You visited 1 branch of the dungeon, and saw 2 of its levels.
You visited the Abyss 1 time.

You collected 84 gold pieces.

Inventory:

Hand Weapons
 a - a +1 hand axe (weapon)
Armour
 b - a +0 leather armour (worn)
Wands
 f - a wand of flame (12)
Scrolls
 c - a scroll of enchant armour {unknown}
Potions
 d - a potion of heal wounds {unknown}
 e - a potion of curing {unknown}


   Skills:
 - Level 3.6 Fighting
 * Level 5.0 Axes
 - Level 2.4 Armour
 - Level 1.1 Dodging
 - Level 1.7 Invocations


You had 2 spell levels left.
You didn't know any spells.
Your spell library was empty.

Dungeon Overview and Level Annotations

Branches:
Dungeon (2/15)

Altars:


Innate Abilities, Weirdness & Mutations

You have a pair of horns on your head.
You reflexively headbutt those who attack you in melee.


Message History

You hit the jackal. You headbutt the jackal.
You kill the jackal!
Lugonu accepts your kill.
You now have 84 gold pieces (gained 8).
HP restored.
A goblin comes into view. It is wielding a +0 club.
The goblin shouts!
The goblin moves out of view.
Found an iron wand.
The goblin misses you.
You see here a wand of flame (12).
You hit the goblin.
You kill the goblin!
Lugonu accepts your kill.
Your Axes skill increases to level 5!
Things that are here:
a +0 club; a goblin corpse
f - a wand of flame (12)
Things that are here:
a +0 club; a goblin corpse The gnoll shouts!
The gnoll hits you from afar with a +5 spear of flaming.
The gnoll burns you.
The gnoll hits you with a +5 spear of flaming.
The gnoll burns you.
You hit the gnoll.
The gnoll is moderately wounded.
The gnoll closely misses you.
You slash the gnoll!
The gnoll is severely wounded.
The gnoll hits you with a +5 spear of flaming!
* * * LOW HITPOINT WARNING * * *
The gnoll burns you.
* * * LOW HITPOINT WARNING * * *
You hit the gnoll. Your headbutt misses the gnoll.
The gnoll is almost dead.
The gnoll hits you with a +5 spear of flaming.
* * * LOW HITPOINT WARNING * * *
The gnoll burns you.
You die...

#.........#
.....####### .....
..... ## ..... #..
#... .. #.... ....
#.....####### #.#.#
'......g@...# ....#
#.....#####.##....#
#.... #.....#..#
#.# #... #.....#..#
#.# ### #.....#..#
#.#
#.....#..###.###
#.....#......)..
#.....#.#.##.###
###.....).#..#†###


You could see a gnoll.

Vanquished Creatures
  2 gnolls
  2 dart slugs (D:1)
  2 ball pythons (D:1)
  7 bats
  3 endoplasms
  3 goblins
  4 hobgoblins
  3 jackals (D:2)
  2 kobolds (D:1)
  A rat (D:1)
29 creatures vanquished.

Notes
Turn   | Place    | Note
-------+----------+-------------------------------------------
     0 | Abyss:1  | rabbitsville the Minotaur Abyssal Knight began the quest
                  | for the Orb.
     0 | Abyss:1  | Reached XP level 1. HP: 19/19 MP: 1/1
    37 | Abyss:1  | Noticed a thrashing horror
    42 | D:1      | Escaped the Abyss
   111 | D:1      | Reached skill level 3 in Axes
   132 | D:1      | Reached ** piety under Lugonu
   133 | D:1      | Reached XP level 2. HP: 26/26 MP: 2/2
   328 | D:1      | Found a faded altar of an unknown god.
   493 | D:1      | Reached skill level 4 in Axes
   770 | D:2      | Reached XP level 3. HP: 19/31 MP: 3/3
  1378 | D:2      | Reached skill level 5 in Axes
  1405 | D:2      | HP: 1/31 [gnoll/+5 spear of flaming (6)]
  1405 | D:2      | Slain by a gnoll

Illustrated notes

Levels and vault maps discovered:
D:1:      evilmike_arrival_crescent, layout_basic,
          shapermc_ecumenical_altar_venn, minmay_misc_feat_columns
D:2:      layout_basic

Skill      XL: |  1  2  3 |
---------------+----------+-----
Axes           | 3 4 5 |  5.0
Fighting       | |  3.6
Armour         | |  2.4
Dodging        | |  1.1
Invocations    | |  1.7

Action                   || total
-------------------------++-------
Melee: Hand axe          ||    66
       Headbutt          ||     8
Invok: Depart the Abyss  ||     1
Armor: Leather armour    ||    20
Dodge: Dodged            ||    48

Table legend: (Time is in decaauts)
 A = Elapsed time spent in this place.
 B = Non-inter-level travel time spent in this place.
 C = Inter-level travel time spent in this place.
 D = Time resting spent in this place.
 E = Time spent auto-exploring this place.
 F = Levels seen in this place.
 G = Mean time per level.
                   A        B        C        D        E       F      G
               +--------+--------+--------+--------+--------+-----+--------+
         Total |   1415 |   1356 |     59 |      0 |   1027 |   3 |  471.7 |
       Dungeon |   1373 |   1314 |     59 |      0 |   1012 |   2 |  686.5 |
         Abyss |     42 |     42 |      0 |      0 |     15 |   1 |   42.0 |
               +--------+--------+--------+--------+--------+-----+--------+

Top non-repeatable levels by time:
     D:1: 988 daAuts
     D:2: 385 daAuts
 Abyss:1: 42 daAuts
